 Dungeon Crawl Stone Soup version 0.25.1-9-gc5326a611f (webtiles) character file.

Game seed: 1978649755588350142

4295 waltergilman the Cleaver (level 10, 0/90 HPs)
             Began as a Deep Dwarf Fighter on Dec 28, 2020.
             Was a Believer of Okawaru.
             Slain by a ten-headed hydra (3 damage)
             ... on level 1 of the Lair of Beasts.
             The game lasted 00:59:28 (8506 turns).

waltergilman the Cleaver (Deep Dwarf Fighter)       Turns: 8506, Time: 00:59:29

Health: 0/90       AC: 12    Str: 22    XL:     10   Next: 11%
Magic:  6/6        EV:  9    Int: 10    God:    Okawaru [**....]
Gold:   166        SH:  7    Dex: 12    Spells: 9/9 levels left

rFire    + . .     SeeInvis .   N - +0 war axe (vorpal)
rCold    . . .     Gourm    .   j - +2 buckler
rNeg     . . .     Faith    .   q - +2 chain mail
rPois    .         Spirit   .   (no helmet)
rElec    .         Reflect  .   (no cloak)
rCorr    .         Harm     .   (no gloves)
MR       ++...                  (no boots)
Stlth    ..........             J - amulet of magic regeneration
HPRegen  0.00/turn              n - ring of protection from magic
MPRegen  0.35/turn              h - ring of protection from fire

@: non-regenerating, studying Shields
A: damage resistance, heal wounds, sense surroundings 2, no regeneration
a: Heal Wounds, Heroism, Renounce Religion


You were on level 1 of the Lair of Beasts.
You worshipped Okawaru.
Okawaru was pleased with you.
You were not hungry.

You visited 2 branches of the dungeon, and saw 9 of its levels.
You also visited: Sewer.

You collected 436 gold pieces.
You spent 270 gold pieces at shops.

Inventory:

Hand Weapons
 a - a +0 war axe
 g - a cursed +0 battleaxe
 l - a +1 dagger of flaming
 v - a +0 mace
 x - a +2 short sword of speed
 A - a +0 shortbow
 B - a +3 quarterstaff of chaos
 D - a +0 rapier
 G - a +4 mace
 M - a +2 dire flail of freezing
 N - a +0 vorpal war axe (weapon)
Missiles
 y - 15 javelins (quivered)
 F - 6 silver javelins
 P - 30 arrows
Armour
 b - a +0 scale mail
 c - a +0 kite shield
 j - a +2 buckler (worn)
 q - a +2 chain mail (worn)
 I - a +0 chain mail
 O - a +0 plate armour
Jewellery
 h - a ring of protection from fire (right hand)
 n - a ring of protection from magic (left hand)
 E - an uncursed ring of protection from cold
 H - an uncursed ring of stealth
 J - an amulet of magic regeneration (around neck)
Wands
 t - a wand of iceblast (13)
 u - a wand of polymorph (9)
 K - a wand of paralysis (6)
Scrolls
 e - 9 scrolls of teleportation
 k - a scroll of identify
 m - a scroll of fog
 o - 8 scrolls of remove curse
 r - a scroll of magic mapping
 z - 2 scrolls of amnesia
 L - a scroll of enchant armour
Potions
 i - 4 potions of flight
 p - 3 potions of stabbing
 s - a potion of haste
 w - a potion of curing
Books
 C - a manual of Shields
Comestibles
 d - 3 chunks of flesh
 f - 12 rations


   Skills:
 + Level 5.6 Fighting
 + Level 10.8 Axes
 + Level 8.1 Armour
 + Level 3.5 Dodging
 + Level 1.1 Stealth
 + Level 7.4 Shields
 + Level 0.8 Evocations


You had 9 spell levels left.
You didn't know any spells.
Your spell library was empty.

Dungeon Overview and Level Annotations

Branches:
Dungeon (8/15)             Temple (0/1) D:7            Lair (1/6) D:8
  Sewer (visited)

Altars:
Nemelex Xobeh
Okawaru

Shops:
D:4 :   D:7 :[[(


Innate Abilities, Weirdness & Mutations

You are resistant to damage.
You can heal yourself by infusing magical energy.
You passively map the area around you.
You do not regenerate.


Message History

The nine-headed hydra barely misses you.
You barely miss the nine-headed hydra.
The nine-headed hydra is moderately wounded.
The nine-headed hydra bites you!
* * * LOW HITPOINT WARNING * * *
The nine-headed hydra bites you but does no damage.
The nine-headed hydra bites you.
* * * LOW HITPOINT WARNING * * *
The nine-headed hydra bites you but does no damage.
The nine-headed hydra bites you!
* * * LOW HITPOINT WARNING * * *
You block the nine-headed hydra's attack.
The nine-headed hydra bites you.
The nine-headed hydra barely misses you.
The nine-headed hydra bites you but does no damage.
You hack one of the nine-headed hydra's heads off!
The eight-headed hydra grows two more!
You slash the ten-headed hydra!
The ten-headed hydra is moderately wounded.
The ten-headed hydra barely misses you. The ten-headed hydra bites you.
You die...

,, * , ,,, ,,....... ,
,, , , , ,
................ .. ,
....... ......[. , , ..
* ,.....,....... ...
.... ..###.######,...
#####..+#.#........#....
#.....D.#.#........#....
,,
#......@#.#.............
* ,#.......รท.........<#
, * ,
#.......#.#........# , ,
+.......#.'........#
#.......#.#........# ,
*, #.......#............
, ,,
.##.#..#...........#..,
*
.........####.####....,
* .......... ,.... ....


You could see a ten-headed hydra.

Vanquished Creatures
  Pikel (D:4)
  2 hippogriffs (D:7)
  Sigmund (D:5)
  A steam dragon (D:8)
  Menkaure (D:5)
  An orc warrior (D:8)
  2 sky beasts
  2 ice beasts (D:6)
  A necrophage (D:6)
  A phantom (D:6)
  A centaur (D:8)
  2 ogres
  3 big kobolds (Sewer)
  3 bullfrogs
  10 killer bees (D:8)
  3 wights (D:7)
  An electric eel (D:7)
  5 howler monkeys
  A bullfrog zombie (D:7)
  A crimson imp (D:5)
  4 hounds
  A gnoll shaman (D:5)
  Crazy Yiuf (D:6)
  4 orc priests
  A bullfrog skeleton (D:4)
  A centaur skeleton (D:8)
  An iguana (D:5)
  7 orc wizards
  A worker ant (D:4)
  6 gnolls
  13 adders
  3 river rats (Sewer)
  A shadow imp (D:6)
  An ooze (D:2)
  2 adder skeletons
  6 worms
  A dart slug (D:1)
  6 leopard geckos
  18 orcs
  8 giant cockroaches
  7 hobgoblins
  4 jackals
  21 kobolds
  4 quokkas
  8 ball pythons
  10 bats
  9 frilled lizards
  12 goblins
  A jackal zombie (D:6)
  A quokka zombie (D:8)
  31 rats
237 creatures vanquished.

Vanquished Creatures (others)
  A leopard gecko (D:4)
1 creature vanquished.

Grand Total: 238 creatures vanquished

Notes
Turn   | Place    | Note
-------+----------+-------------------------------------------
     0 | D:1      | waltergilman the Deep Dwarf Fighter began the quest for the
                  | Orb.
     0 | D:1      | Reached XP level 1. HP: 20/20 MP: 1/1
   121 | D:1      | Reached XP level 2. HP: 25/27 MP: 2/2
   544 | D:1      | Reached XP level 3. HP: 29/34 MP: 3/3
   695 | D:2      | Reached skill level 3 in Axes
   985 | D:2      | Reached XP level 4. HP: 28/42 MP: 4/4
  1213 | D:2      | Found a sparkling altar of Nemelex Xobeh.
  1711 | D:3      | Reached skill level 1 in Dodging
  1711 | D:3      | Reached XP level 5. HP: 45/49 MP: 4/4
  1720 | D:3      | Found a glowing drain.
  1743 | Sewer    | Entered a sewer
  1900 | Sewer    | Reached skill level 4 in Axes
  2355 | Sewer    | Reached XP level 6. HP: 46/56 MP: 4/4
  2442 | Sewer    | Reached skill level 5 in Axes
  3002 | D:3      | Reached skill level 5 in Shields
  3547 | D:4      | Reached XP level 7. HP: 12/62 MP: 5/5
  3856 | D:4      | Reached skill level 6 in Axes
  3924 | D:4      | Found an iron altar of Okawaru.
  4039 | D:4      | Reached skill level 5 in Armour
  4194 | D:4      | Noticed Pikel
  4211 | D:4      | Killed Pikel
  4211 | D:4      | Reached skill level 7 in Axes
  4211 | D:4      | Reached XP level 8. HP: 53/72 MP: 6/6
  4224 | D:4      | Found Buttud's Book Boutique.
  4675 | D:5      | Entered Level 5 of the Dungeon
  4878 | D:5      | Noticed Menkaure
  4885 | D:5      | Killed Menkaure
  4885 | D:5      | Reached skill level 8 in Axes
  5329 | D:5      | Noticed Sigmund
  5337 | D:5      | Killed Sigmund
  5816 | D:4      | Became a worshipper of Warmaster Okawaru
  5932 | D:6      | Reached skill level 9 in Axes
  5932 | D:6      | Gained mutation: You passively map the area around you.
                  | [Deep Dwarf growth]
  5932 | D:6      | Reached XP level 9. HP: 50/79 MP: 7/7
  6577 | D:6      | Found a runed translucent door.
  6578 | D:6      | Noticed Crazy Yiuf
  6584 | D:6      | Killed Crazy Yiuf
  6826 | D:7      | Found Uzoaqigo's Book Shoppe.
  6956 | D:7      | Found a staircase to the Ecumenical Temple.
  6989 | D:7      | Found Juxil's Antique Armour Boutique.
  6992 | D:7      | Bought a shiny chain mail for 270 gold pieces
  7138 | D:7      | Reached * piety under Okawaru
  7143 | D:7      | Found Toabez's Armour Shoppe.
  7369 | D:7      | Found Macvedgh's Weapon Shoppe.
  7462 | D:7      | Reached skill level 10 in Axes
  7462 | D:7      | Reached skill level 1 in Stealth
  7502 | D:7      | Reached skill level 5 in Fighting
  7935 | D:8      | Found a staircase to the Lair.
  8019 | D:8      | Reached ** piety under Okawaru
  8158 | D:8      | Reached XP level 10. HP: 27/88 MP: 7/7
  8472 | Lair:1   | Entered Level 1 of the Lair of Beasts
  8494 | Lair:1   | Noticed a five-headed hydra
  8505 | Lair:1   | HP: 3/90 [nine-headed hydra (6)]
  8506 | Lair:1   | Slain by a ten-headed hydra

Illustrated notes

Levels and vault maps discovered:
D:1:      dpeg_arrival_tiny_h, layout_basic, minmay_misc_feat_diagonals
D:2:      layout_rooms, lemuel_round_altar
D:3:      layout_loops_ring, gup_sewer_entry_glass, first_ration
D:4:      layout_basic, okawaru_gym_becter, serial_shops, nicolae_shop_crystal,
          uniq_pikel
D:5:      layout_basic, uniq_menkaure, uniq_sigmund
D:6:      layout_basic, nrook_mini_backslash, minmay_manual_mullet,
          uniq_crazy_yiuf_cottage
D:7:      cheibrodos_helix_gallery, layout_basic,
          minmay_temple_entry_large_hall, serial_shops, shop, shop,
          shop_fountains, kennysheep_mini
D:8:      layout_rooms, lair_entry_dummy
Lair:1:   layout_regular_city, minmay_lair_oklob_chamber, grunt_megastairs_2

Skill      XL: |  1  2  3  4  5  6  7  8  9 |
---------------+----------------------------+-----
Fighting       | 3 4 5 |  5.6
Axes           | 3 4 5 7 9 10 | 10.8
Shields        | 4 5 6 7 |  7.4
Armour         | 4 5 6 8 |  8.1
Dodging        | 1 2 3 |  3.5
Stealth        | 1 |  1.1
Evocations     | |  0.8

Action                   |  1- 3 |  4- 6 |  7- 9 | 10-12 || total
-------------------------+-------+-------+-------+-------++-------
Melee: War axe           |   122 |   277 |   432 |    54 ||   885
Throw: Javelin           |       |       |     4 |       ||     4
Invok: Heroism           |       |       |     1 |       ||     1
 Abil: Heal Wounds       |       |     2 |     5 |     2 ||     9
Evoke: Wand              |       |     2 |     4 |     1 ||     7
  Use: Scroll            |     4 |     8 |     7 |       ||    19
       Potion            |       |       |    18 |     2 ||    20
  Eat: Chunk             |     1 |     8 |    16 |     1 ||    26
Armor: Scale mail        |    24 |       |       |       ||    24
       Chain mail        |    63 |   167 |   198 |    39 ||   467
Dodge: Dodged            |    35 |    60 |   154 |    26 ||   275
Block: Kite shield       |    81 |   183 |    53 |       ||   317
       Buckler           |       |       |   104 |    25 ||   129
